 Dungeon Crawl Stone Soup version 0.20.0-15-g7f486f2 (webtiles) character file.

1017 viledemon the Slasher (level 8, -23/69 HPs)
             Began as a Hill Orc Fighter on June 11, 2017.
             Was an Initiate of Beogh.
             Killed from afar by an orc (46 damage)
             ... with an exploding inner flame
             ... hexed by the player character
             ... on level 4 of the Dungeon.
             The game lasted 00:14:40 (4053 turns).

viledemon the Slasher (Hill Orc Fighter)            Turns: 4053, Time: 00:14:40

Health: -23/69     AC:  8    Str: 21    XL:     8   Next: 22%
Magic:  8/8        EV:  8    Int:  8    God:    Beogh [......]
Gold:   214        SH: 10    Dex: 10    Spells: 7/7 levels left

rFire    . . .     SeeInvis .   a - +0 long sword
rCold    . . .     Gourm    .   c - +0 shield
rNeg     . . .     Faith    .   b - +0 scale mail
rPois    .         Spirit   .   (no helmet)
rElec    .         Reflect  .   t - +0 cloak
rCorr    +         Harm     .   (no gloves)
MR       .....                  (no boots)
Stlth    ..........             (no amulet)
Regen    0.3/turn               g - ring of resist corrosion
MPRegen  0.2/turn               (no ring)

@: lethally poisoned (-23 -> -24)
A: no striking features
a: Renounce Religion


You were on level 4 of the Dungeon.
You worshipped Beogh.
Beogh was noncommittal.
You were not hungry.

You visited 1 branch of the dungeon, and saw 5 of its levels.

You collected 214 gold pieces.

Inventory:

Hand Weapons
 a - a +0 long sword (weapon)
 s - a +4 quarterstaff of chaos
Armour
 b - a +0 scale mail (worn)
 c - a +0 shield (worn)
 t - a +0 cloak (worn)
Magical Staves
 q - an uncursed staff of power {unknown}
Jewellery
 g - a ring of resist corrosion (left hand)
Wands
 d - a wand of disintegration (4/24)
 e - a wand of random effects (15/48)
 o - a wand of random effects (22/48)
Scrolls
 i - 5 scrolls of remove curse
 k - 5 scrolls of identify
 m - 2 scrolls of fog
Potions
 n - a potion of lignification
Comestibles
 f - 3 bread rations
 j - 5 fruits
 l - 2 royal jellies


   Skills:
 + Level 5.6 Fighting
 + Level 6.3 Long Blades
 + Level 5.6 Armour
 + Level 1.6 Dodging
 + Level 5.8 Shields


You had 7 spell levels left.
You didn't know any spells.

Dungeon Overview and Level Annotations

Branches:
Dungeon (5/15)             Temple (0/1) D:4

Altars:
Dithmenos
Gozag
Kikubaaqudgha
Makhleb
Nemelex Xobeh


Message History

You hit the orc but do no damage.
The orc is severely wounded.
You feel sick. You block the orc's attack.
You hit the orc but do no damage.
The orc is severely wounded.
The orc hits you but does no damage.
You hit the orc but do no damage.
The orc is severely wounded.
You block the orc's attack.
The orc priest calls upon Beogh to heal the orc.
The orc's wounds heal themselves!
The orc hits you but does no damage.
An orc wizard comes into view. It is wielding a dagger.
The orc wizard shouts!
You barely miss the orc.
You feel sick. You block the orc's attack.
You slash the orc!
The orc explodes!
The fiery explosion engulfs you!
Ouch! That really hurt!
You die...
Beogh appreciates the orc's killing of a heretic priest.

.# #..................# .#
#..................# ##
######.............#
############.............#
.........................#
............<............#
............####[#########
............# #.#
....P....#### #@#
........P# #ยง#
......>..## #o#
..........#
#o#############
..........#
#oo...........#
..........#
#.............#
.........## #
#...).........# .#########
#.#.............# .#
#.##............#


You could see an orc priest (inner flame), an orc wizard and 2 orcs.

Vanquished Creatures
  Grinder (D:3)
  A hungry ghost (D:4)
  2 ogres (D:4)
  A scorpion (D:4)
  2 howler monkeys (D:4)
  2 hounds
  Crazy Yiuf (D:3)
  An orc priest (D:4)
  An orc wizard (D:4)
  Ijyb (D:4)
  2 worker ants (D:4)
  4 gnolls (D:2)
  5 adders
  An ooze (D:4)
  4 worms
  3 dart slugs (D:2)
  2 leopard geckos
  4 orcs (D:4)
  6 bats
  4 giant cockroaches
  8 goblins
  4 hobgoblins
  8 jackals
  4 quokkas
  6 frilled lizards
  A jackal skeleton (D:4)
  5 kobolds
  A leopard gecko skeleton (D:4)
  3 rats
  2 fungi (D:3)
90 creatures vanquished.

Vanquished Creatures (others)
  An adder skeleton (D:4)
1 creature vanquished.

Grand Total: 91 creatures vanquished

Notes
Turn   | Place    | Note
-------+----------+-------------------------------------------
     0 | D:1      | viledemon the Hill Orc Fighter began the quest for the Orb.
     0 | D:1      | Reached XP level 1. HP: 19/19 MP: 1/1
   197 | D:1      | Reached XP level 2. HP: 23/27 MP: 2/2
   715 | D:2      | Reached XP level 3. HP: 26/33 MP: 3/3
   950 | D:2      | Reached XP level 4. HP: 40/40 MP: 4/4
  1103 | D:2      | Reached skill level 3 in Long Blades
  1151 | D:2      | Found a shadowy altar of Dithmenos.
  1185 | D:2      | Reached XP level 5. HP: 9/46 MP: 5/5
  1710 | D:2      | Found an opulent altar of Gozag.
  1713 | D:2      | Found an ancient bone altar of Kikubaaqudgha.
  2059 | D:3      | Reached skill level 1 in Dodging
  2230 | D:3      | Found a burning altar of Makhleb.
  2489 | D:3      | Noticed Grinder
  2500 | D:3      | Killed Grinder
  2500 | D:3      | Reached skill level 4 in Long Blades
  2500 | D:3      | Reached XP level 6. HP: 22/55 MP: 6/6
  2759 | D:3      | Found a runed door.
  2763 | D:3      | Noticed Crazy Yiuf
  2772 | D:3      | Killed Crazy Yiuf
  2772 | D:3      | Reached skill level 5 in Fighting
  2772 | D:3      | Reached skill level 5 in Armour
  2834 | D:4      | Reached XP level 7. HP: 23/61 MP: 7/7
  2854 | D:4      | Reached skill level 5 in Shields
  3089 | D:4      | Noticed Ijyb
  3109 | D:4      | Killed Ijyb
  3109 | D:4      | Reached skill level 5 in Long Blades
  3417 | D:4      | Found a sparkling altar of Nemelex Xobeh.
  3471 | D:4      | Became a worshipper of Beogh the Brigand
  3762 | D:5      | Entered Level 5 of the Dungeon
  3796 | D:4      | Noticed a hungry ghost
  3822 | D:4      | Killed a hungry ghost
  3822 | D:4      | Reached skill level 6 in Long Blades
  3822 | D:4      | Reached XP level 8. HP: 57/69 MP: 8/8
  3836 | D:4      | Found a staircase to the Ecumenical Temple.
  4053 | D:4      | Killed from afar by an orc

Skill      XL: |  1  2  3  4  5  6  7 |
---------------+----------------------+-----
Fighting       | 4 5 |  5.6
Shields        | 4 5 |  5.8
Long Blades    | 3 4 6 |  6.3
Armour         | 4 5 |  5.6
Dodging        | 1 |  1.6

Action                   |  1- 3 |  4- 6 |  7- 9 || total
-------------------------+-------+-------+-------++-------
Melee: Long sword        |   116 |   140 |   163 ||   419
Invok: Convert to Beogh  |       |       |     1 ||     1
  Use: Potion            |     2 |     1 |     2 ||     5
       Scroll            |       |     6 |     1 ||     7
  Eat: Chunk             |       |     7 |     7 ||    14
       Meat ration       |       |       |     1 ||     1
       Fruit             |       |       |     1 ||     1
Armor: Scale mail        |    52 |    49 |    66 ||   167
Dodge: Dodged            |    44 |    39 |    62 ||   145
Block: Shield            |    57 |    63 |   100 ||   220
       Rpst.: Long sword |    18 |    11 |    13 ||    42
